AoeStats
← Kanyaga

Arabia

508901826Analyzed
1v1 RM · 8d ago on Sep 24, 2026· 35m 35s· 2 players
Game mode
Random Map
Map size
Tiny (2 player)
Population
200
Speed
Normal
Resources
Standard
Victory
Conquest
Starting age
Dark Age
Ending age
Imperial Age
RankedLock teamsTeams togetherTeam positionsShared explorationLock speedFull tech treeHidden civsTurbo modeCheats
Victory
Defeat
🇳🇱 Varangians · Netherlands
1496
+18
🇹🇷 Persians · Türkiye
1533
-18
CM_Pally
5:51 Loom
8:47 Feudal Age
9:30 Double-Bit Axe
10:51 Horse Collar
14:35 Bloodlines
15:53 Forging
17:11 Wheelbarrow
21:49 Castle Age
19:56 Gold Mining
20:51 Scale Barding Armor
22:50 Chain Barding Armor
22:32 Husbandry
25:20 Iron Casting
30:47 Hand Cart
30:57 Bow Saw
31:27 Fletching
31:31 Elite Skirmisher
32:39 Bodkin Arrow
33:16 Padded Archer Armor
35:41 Leather Archer Armor
Kanyaga
2:06 Loom
9:42 Feudal Age
10:15 Double-Bit Axe
13:17 Horse Collar
21:34 Castle Age
20:12 Fletching
21:11 Bloodlines
21:02 Padded Archer Armor
21:41 Gold Mining
22:31 Bow Saw
22:41 Town Watch
23:32 Wheelbarrow
23:28 Husbandry
25:25 Ballistics
24:54 Arson
24:29 Man-at-Arms
25:07 Bodkin Arrow
26:27 Padded Archer Armor
29:30 Parthian Tactics
34:21 Scale Barding Armor
Connection lost

Rejoining the realm…

Still unreachable

The connection could not be restored.

Session expired

The server has moved on; the page needs a fresh start.